 Dungeon Crawl Stone Soup version 0.30-a0-365-ge7f957f1db (webtiles) character file.

Game seed: 12956411504620986151

299 Manisia the Conjurer (level 6, -6/42 HPs)
             Began as a Human Conjurer on Nov 17, 2022.
             Was an Initiate of Vehumet.
             Mangled by an ice beast (13 damage)
             ... on level 5 of the Dungeon.
             The game lasted 00:08:23 (4306 turns).

Manisia the Conjurer (Human Conjurer)               Turns: 4306, Time: 00:08:24

Health: -6/42      AC:  7    Str:  7    XL:     6   Next: 63%
Magic:  6/13       EV: 12    Int: 20    God:    Vehumet [......]
Gold:   344        SH:  0    Dex: 12    Spells: 1/14 levels left

rFire   . . .      SeeInvis .    j - +2 dagger (vamp)
rCold   . . .      Faith    .    (no shield)
rNeg    . . .      Spirit   .    a - +2 robe
rPois   .          Reflect  .    (no helmet)
rElec   .          Harm     .    (no cloak)
rCorr   .          Rampage  .    m - +2 pair of gloves
Will    .....                    (no boots)
Stlth   ++........               (no amulet)
HPRegen 0.27/turn                g - ring of wizardry
MPRegen 0.13/turn                w - ring of wizardry

@: invisible
A: no striking features
a: Renounce Religion


You were on level 5 of the Dungeon.
You worshipped Vehumet.
Vehumet was noncommittal.
You visited 2 branches of the dungeon, and saw 6 of its levels.

You collected 344 gold pieces.

Inventory:

Hand Weapons
 j - a +2 vampiric dagger (weapon)
Missiles
 n - 5 poisoned darts
Armour
 a - a +2 robe (worn)
 m - a +2 pair of gloves (worn)
Jewellery
 e - a ring of protection from fire
 g - a ring of wizardry (left hand)
 w - a ring of wizardry (right hand)
Wands
 o - a wand of mindburst (7)
 r - a wand of digging (3)
Scrolls
 b - 2 scrolls of noise
 c - 3 scrolls of blinking
 i - a scroll of enchant armour
 p - a scroll of teleportation
 q - a scroll of vulnerability
 s - a scroll of identify
Potions
 d - a potion of curing {unknown}
 h - 4 potions of brilliance
 k - 3 potions of haste
 l - a potion of flight
 u - 2 potions of magic
 x - a potion of lignification {unknown}


   Skills:
 + Level 0.7 Fighting
 + Level 2.8 Dodging
 - Level 2.0 Stealth
 + Level 4.8 Spellcasting
 - Level 5.0 Conjurations


You had one spell level left.
You knew the following spells:

 Your Spells              Type           Power      Damage    Failure   Level
a - Magic Dart            Conj           96%        1d7       1%          1
b - Searing Ray           Conj           48%        2d6       1%          2
c - Dazzling Flash        Conj/Hex       28%        N/A       3%          3
d - Hailstorm             Conj/Ice       14%        3d5       3%          3
e - Freeze                Ice            16%        1d4       3%          1
f - Frozen Ramparts       Ice            8%         1d2       10%         3

Your spell library contained the following spells:

 Spells                   Type           Power      Damage    Failure   Level
 Kiss of Death            Conj/Necr      56%        2d9       1%          1
 Sting                    Tmut/Pois      16%        1d3       3%          1
 Poisonous Vapours        Pois/Air       8%         N/A       5%          2
 Confusing Touch          Hex            4%         N/A       10%         3
 Fulminant Prism          Conj/Hex       7%         3d7       11%         4
 Iskenderun's Mystic Bla  Conj/Tloc      14%        2d5       11%         4
 Dispel Undead            Necr           4%         3d7       28%         4
 Olgreb's Toxic Radiance  Pois           4%         N/A       28%         4


Dungeon Overview and Level Annotations

Branches:
Dungeon (5/15)             Temple (1/1) D:5

Altars:
Ashenzari
Cheibriados
Dithmenos
Elyvilon
Fedhas
Gozag
Hepliaklqana
Kikubaaqudgha
Makhleb
Nemelex Xobeh
Okawaru
Ru
Sif Muna
Trog
Uskayaw
Vehumet
Wu Jian
Xom
Yredelemnul
Zin
The Shining One

Shops:
D:1 ?

Annotations:
Temple 2 transporters


Message History

You climb upwards.
Welcome back to the Dungeon!
The ice beast hits you but does no damage.
There is a staircase to the Ecumenical Temple here.
Casting: Magic Dart (safe; 1% risk of failure)
Confirm with . or Enter, or press ? or * to list all spells.
Aiming: Searing Ray (safe; 1% risk of failure)
Press: ? - help, Shift-Dir - straight line, f - ice beast
Aim: an ice beast (79% to hit)
The searing ray hits the ice beast but does no damage. (Press . to maintain the ray.)
The ice beast barely misses you.
The searing ray hits the ice beast.
The ice beast is lightly wounded.
The ice beast hits you but does no damage.
The searing ray hits the ice beast.
The ice beast is moderately wounded.
The ice beast hits you. The ice beast freezes you.
The searing ray hits the ice beast but does no damage.
The ice beast is moderately wounded.
You finish channelling your searing ray.
The ice beast hits you but does no damage.
The ice beast closely misses you. The ice beast barely misses you.
Casting: Searing Ray (safe; 1% risk of failure)
Confirm with . or Enter, or press ? or * to list all spells.
Aiming: Searing Ray (safe; 1% risk of failure)
Press: ? - help, Shift-Dir - straight line, f/p - ice beast
Aim: an ice beast (moderately wounded, 79% to hit)
The searing ray misses the ice beast. (Press . to maintain the ray.)
The ice beast hits you. The ice beast freezes you!
The searing ray hits the ice beast!
The ice beast is heavily wounded.
The ice beast hits you. The ice beast freezes you!
* * * LOW HITPOINT WARNING * * *
You fade into invisibility!
The ice beast hits you.
* * * LOW HITPOINT WARNING * * *
The ice beast freezes you!
You die...

#.≈≈. ...#....≈
#.≈≈. .....§....
..≈≈..##......#.#
##≈≈..#..#.#....
#≈≈..........#
#≈≈...<......##
#≈≈...........#
##≈≈.......$.$.#
≈≈≈≈.......Y@..#
≈≈≈≈.......:.).....#
..................##
..##..........#.###
#. #............#
#.............
#...<........##
.............#


You could see an ice beast (unable to see you).

Vanquished Creatures
  Pargi (D:3)
  A jelly (D:4)
  An iguana (D:4)
  Robin (D:4)
  4 adders
  A worm (D:4)
  5 dart slugs
  7 orcs
  6 ball pythons
  7 endoplasms
  3 giant cockroaches
  15 goblins
  3 hobgoblins
  2 jackals (D:3)
  13 kobolds
  2 quokkas
  6 bats
  3 frilled lizards
  5 rats
86 creatures vanquished.

Notes
Turn   | Place    | Note
-------+----------+-------------------------------------------
     0 | D:1      | Manisia the Human Conjurer began the quest for the Orb.
     0 | D:1      | Reached XP level 1. HP: 13/13 MP: 3/3
   140 | D:1      | Found Seyc Uzu's Magic Scroll Emporium.
   142 | D:1      | Reached XP level 2. HP: 19/19 MP: 3/5
   145 | D:1      | Learned a level 2 spell: Searing Ray
   594 | D:1      | Reached XP level 3. HP: 16/24 MP: 0/6
  1648 | D:2      | Found a broken altar of Ashenzari.
  1769 | D:2      | Reached skill level 5 in Conjurations
  1884 | D:2      | Reached XP level 4. HP: 27/30 MP: 2/7
  2542 | D:3      | Reached XP level 5. HP: 35/35 MP: 5/9
  2546 | D:3      | Learned a level 3 spell: Dazzling Flash
  2550 | D:3      | Learned a level 3 spell: Hailstorm
  2819 | D:3      | Noticed Pargi
  2840 | D:3      | Killed Pargi
  2841 | D:3      | Reached XP level 6. HP: 38/42 MP: 2/12
  3018 | D:3      | Found a shadowy altar of Dithmenos.
  3050 | D:3      | Found an ornate altar of the Wu Jian Council.
  3222 | D:4      | Learned a level 1 spell: Freeze
  3226 | D:4      | Learned a level 3 spell: Frozen Ramparts
  3286 | D:4      | Noticed Robin
  3316 | D:4      | Killed Robin
  4249 | D:5      | Entered Level 5 of the Dungeon
  4249 | D:5      | Noticed an ice beast
  4249 | D:5      | Found a staircase to the Ecumenical Temple.
  4256 | Temple   | Entered the Ecumenical Temple
  4256 | Temple   | Found a transporter.
  4256 | Temple   | Found a transporter.
  4258 | Temple   | Found a transporter.
  4258 | Temple   | Found a transporter.
  4283 | Temple   | Became a worshipper of Vehumet
  4306 | D:5      | Mangled by an ice beast

Illustrated notes

Levels and vault maps discovered:
D:1:      eino_arrival_water_cross, layout_basic, serial_shops,
          nicolae_shop_stone, st_stairs_6, amcnicky_mini_pool_small,
          nrook_loot_triangle, chequers_jeans
D:2:      layout_rooms, basic_altar, minmay_joined_circles
D:3:      layout_rooms, gammafunk_temple_overflow_statue, serial_corexii_hall,
          chequers_hall_statues_wall_a, corexii_hall_statues_x, uniq_pargi
D:4:      layout_basic, uniq_robin
D:5:      layout_rooms, mainiacjoe_overflow_brackets,
          minmay_temple_entry_offerings, serial_shops,
          nicolae_shop_hallway_stairs, gammafunk_ghost_gnarly_gnolls,
          nicolae_kite_square_tiling_tiny
Temple:   hellmonk_temple_divided_pantheon

Skill      XL: |  1  2  3  4  5 |
---------------+----------------+-----
Conjurations   | 5 |  5.0
Spellcasting   | 3 4 |  4.8
Fighting       | |  0.7
Dodging        | |  2.8
Stealth        | |  2.0

Action                   |  1- 3 |  4- 6 || total
-------------------------+-------+-------++-------
Melee: Unarmed           |     9 |    14 ||    23
       Punch             |       |     1 ||     1
 Cast: Magic Dart        |    75 |    70 ||   145
       Searing Ray       |       |    12 ||    12
       Hailstorm         |       |     1 ||     1
       Frozen Ramparts   |       |     1 ||     1
  Use: Scroll            |     3 |    14 ||    17
       Potion            |       |     2 ||     2
Armor: Robe              |     4 |    26 ||    30
Dodge: Dodged            |    16 |    53 ||    69

Table legend: (Time is in decaauts)
 A = Elapsed time spent in this place.
 B = Non-inter-level travel time spent in this place.
 C = Inter-level travel time spent in this place.
 D = Time resting spent in this place.
 E = Time spent auto-exploring this place.
 F = Levels seen in this place.
 G = Mean time per level.
                   A        B        C        D        E       F      G
               +--------+--------+--------+--------+--------+-----+--------+
         Total |   4302 |   4173 |    129 |    136 |   3530 |   6 |  717.0 |
       Dungeon |   4262 |   4145 |    117 |    136 |   3524 |   5 |  852.4 |
        Temple |     40 |     28 |     12 |      0 |      6 |   1 |   40.0 |
               +--------+--------+--------+--------+--------+-----+--------+

Top non-repeatable levels by time:
     D:1: 1334 daAuts
     D:4: 1056 daAuts
     D:3: 936 daAuts
     D:2: 918 daAuts
  Temple: 40 daAuts
     D:5: 16 daAuts
